 Dungeon Crawl Stone Soup version 0.29-a0-477-g62b78b4225 (webtiles) character file.

Game seed: 12091386032705227440

82968 Morbidden the Grappler (level 15, -5/140 HPs)
             Began as a Troll Monk on May 25, 2022.
             Was a High Priest of Cheibriados.
             Slain by an orc warrior
             ... wielding a +0 war axe
              (10 damage)
             ... on level 1 of the Orcish Mines.
             The game lasted 00:45:12 (23307 turns).

Morbidden the Grappler (Troll Monk)                Turns: 23307, Time: 00:45:13

Health: -5/140     AC: 15    Str: 41    XL:     15   Next: 31%
Magic:  14/21      EV: 15    Int: 26    God:    Cheibriados [*****.]
Gold:   1812       SH: 17    Dex: 24    Spells: 12/24 levels left

rFire   . . .      SeeInvis .     - Unarmed
rCold   . . .      Faith    .   l - +5 kite shield of Impatience {Int+2}
rNeg    . . .      Spirit   .   U - +4 troll leather armour
rPois   .          Reflect  .   (helmet restricted)
rElec   .          Harm     .   o - +0 cloak
rCorr   .          Rampage  .   (gloves unavailable)
Will    +....      Rage     1%  (boots unavailable)
Stlth   +++.......              k - amulet of regeneration
HPRegen 2.73/turn               v - +4 ring of protection
MPRegen 0.17/turn               A - +6 ring of strength

@: lethally poisoned (-5 -> -6), very slow
A: large, unfitting armour, claws 3, regeneration 1, shaggy fur 1, tough skin 1,
berserk 1
a: Renounce Religion, Bend Time, Temporal Distortion, Slouch, Step From Time


You were on level 1 of the Orcish Mines.
You worshipped Cheibriados.
Cheibriados was extremely pleased with you.
You visited 4 branches of the dungeon, and saw 24 of its levels.
You visited the Abyss 2 times.
You also visited: Ice Cave.

You collected 2379 gold pieces.
You spent 567 gold pieces at shops.

Inventory:

Missiles
 p - 16 large rocks
 y - 21 boomerangs (quivered)
 B - 4 javelins
 L - 6 curare-tipped darts
 N - 2 throwing nets
Armour
 l - the +5 kite shield of Impatience (worn) {Int+2}
   (You found it on level 2 of the Dungeon)

   Int:       It affects your intelligence (+2).
 o - a +0 cloak (worn)
 U - a +4 troll leather armour (worn)
Jewellery
 i - a ring of flight
 k - an amulet of regeneration (around neck)
 m - a ring of poison resistance
 v - a +4 ring of protection (left claw)
 x - a ring of protection from cold
 A - a +6 ring of strength (right claw)
 O - a ring of resist corrosion
 X - a ring of magical power
 Y - a ring of protection from cold
Wands
 s - a wand of polymorph (16)
 t - a wand of flame (25)
 u - a wand of iceblast (13)
 E - a wand of acid (6)
 Q - a wand of mindburst (2)
 S - a wand of paralysis (4)
Scrolls
 c - 5 scrolls of immolation
 d - 3 scrolls of amnesia
 F - 5 scrolls of fog
 I - a scroll of identify
 K - 4 scrolls of magic mapping
 P - a scroll of teleportation
 R - 2 scrolls of silence
 V - a scroll of enchant weapon
Potions
 a - 2 potions of resistance {unknown}
 b - a potion of ambrosia
 e - a potion of cancellation {unknown}
 h - 5 potions of might {unknown}
 j - 8 potions of heal wounds
 n - 5 potions of lignification {unknown}
 q - a potion of magic
 r - 5 potions of attraction {unknown}
 w - 9 potions of curing
 z - 2 potions of flight
 D - 2 potions of mutation
 H - 4 potions of brilliance
 M - 2 potions of haste


   Skills:
 * Level 7.4 Fighting
 * Level 5.1 Throwing
 + Level 2.0 Armour
 * Level 8.9 Dodging
 + Level 3.2 Stealth
 + Level 7.3 Shields
 * Level 14.5 Unarmed Combat
 * Level 5.2 Spellcasting
 + Level 5.3 Necromancy
 * Level 5.3 Transmutations
 * Level 3.9 Air Magic
 * Level 7.7 Invocations
 + Level 3.2 Evocations


You had 12 spell levels left.
You knew the following spells:

 Your Spells              Type           Power      Damage    Failure   Level
a - Necrotize             Necr           100%       1d9       1%          1
b - Dragon Form           Tmut           17%        N/A       100%        7
c - Airstrike             Air            13%        N/A       32%         4

Your spell library contained the following spells:

 Spells                   Type           Power      Damage    Failure   Level
 Sublimation of Blood     Necr           34%        N/A       2%          2
 Wereblood                Tmut           34%        N/A       2%          2
 Apportation              Tloc           12%        N/A       17%         1
 Magic Dart               Conj           24%        1d4       17%         1
 Summon Small Mammal      Summ           24%        N/A       17%         1
 Ignite Poison            Fire/Tmut/Pois 16%        N/A       24%         3
 Searing Ray              Conj           12%        2d4       26%         2
 Mephitic Cloud           Conj/Pois/Air  13%        N/A       28%         3
 Confusing Touch          Hex            6%         N/A       45%         3
 Conjure Flame            Conj/Fire      6%         6-21      45%         3
 Gell's Gravitas          Tloc           6%         N/A       45%         3
 Inner Flame              Hex/Fire       6%         N/A       45%         3
 Lesser Beckoning         Tloc           6%         N/A       45%         3
 Teleport Other           Tloc           6%         N/A       45%         3
 Tukima's Dance           Hex            6%         N/A       45%         3
 Blade Hands              Tmut           17%        N/A       45%         5
 Anguish                  Hex/Necr       10%        N/A       47%         4
 Irradiate                Conj/Tmut      10%        3d16      83%         5
 Yara's Violent Unravell  Hex/Tmut       10%        3d6       83%         5
 Cause Fear               Hex            3%         N/A       86%         4
 Fulminant Prism          Conj/Hex       3%         3d6       86%         4
 Iskenderun's Mystic Bla  Conj/Tloc      6%         2d4       86%         4
 Leda's Liquefaction      Hex/Erth       3%         N/A       86%         4
 Passage of Golubria      Tloc           6%         N/A       86%         4
 Sticky Flame             Conj/Fire      6%         2d3       86%         4
 Freezing Cloud           Conj/Ice/Air   6%         6-21      95%         5
 Iskenderun's Battlesphe  Conj           6%         2d6       99%         5
 Lee's Rapid Deconstruct  Erth           3%         3d6*      99%         5
 Conjure Ball Lightning   Conj/Air       8%         3x3d6     100%        6
 Iron Shot                Conj/Erth      3%         9d2       100%        6
 Enfeeble                 Hex            3%         N/A       100%        7
 Spellforged Servitor     Conj/Summ      3%         N/A       100%        7
 Summon Hydra             Summ           3%         N/A       100%        7
 Discord                  Hex            3%         N/A       100%        8
 Disjunction              Tloc           3%         N/A       100%        8
 Dragon's Call            Summ           3%         N/A       100%        9


Dungeon Overview and Level Annotations

Branches:
Dungeon (15/15) Temple (1/1) D:4 Lair (6/6) D:8 Shoals (0/4) Lair:4 Snake (0/4) Lair:3 Orc (2/2) D:12 Elf (0/3) Orc:2 Vaults (0/5) D:13 D:14 Depths (0/4) D:15 IceCv (visited) Slime: Lair:5-6

Altars:
Ashenzari
Cheibriados
Dithmenos
Fedhas
Hepliaklqana
Kikubaaqudgha
Makhleb
Nemelex Xobeh
Okawaru
Qazlal
Uskayaw
Wu Jian
Xom
Yredelemnul
Zin

Shops:
D:5 [   D:11 !   Orc:2 ?*[=

Portals:
Pandemonium: Orc:2

Annotations:
D:9 1 runed translucent door, 101zpm's ghost, novice DjFE
D:15 1 transporter, Kixze Teama's ghost, adept DjCj
Lair:2 exclusion: oklob plant
Lair:3 exclusion: oklob plant
Lair:4 Rupert


Innate Abilities, Weirdness & Mutations

You are too large for most types of armour.
You have claws for hands.
Your natural rate of healing is unusually fast.
You are covered in fur. (AC +1)
You have tough skin. (AC +1)
You tend to lose your temper in combat.


Message History

The orc warrior hits you with a +0 war axe!
* * * LOW HITPOINT WARNING * * *
Unknown command.
Unknown command.
You mangle the orc knight!!
The orc knight is severely wounded.
You feel sick. The orc closely misses you. You block the orc knight's attack.
You block the orc warrior's attack. The orc barely misses you.
The orc warrior hits you with a +0 war axe!
* * * LOW HITPOINT WARNING * * *
Unknown command.
Unknown command.
You barely miss the orc warrior.
The orc warrior is almost dead.
You feel sick.
Unknown command.
Unknown command.
Unknown command.
Unknown command.
Unknown command.
Unknown command.
Unknown command.
Unknown command.
Okay, then.
You feel much better.
You feel sick. The orc misses you.
An orc warrior comes into view. It is wielding a +0 scimitar.
You block the orc warrior's attack. You block the orc's attack.
The orc knight hits you with a +1 dire flail!
* * * LOW HITPOINT WARNING * * *
The orc warrior barely misses you.
Unknown command.
Unknown command.
Unknown command.
You fail to use your ability.
You block the orc's attack. You block the orc warrior's attack.
An orc priest comes into view. It is wielding a +0 club.
The orc knight hits you with a +1 dire flail!!
* * * LOW HITPOINT WARNING * * *
The orc warrior hits you with a +0 war axe!
You die...

.............#.#....##
............##..#..##
..................#
....#....#.....#.##
###......##.#####
##........####
#........## ##.
###.o....##
#$..#.#)o@...##
#.....)oo....#
##.#..oo###### #..)o#
#.$.o# ##..)) ##..#.
.#.#oo ...# ..


You could see an orc knight, 4 orc warriors, an orc priest and 2 orcs.

Vanquished Creatures
  Nessos (Orc:2)
  Snorg (Lair:4)
  A green death (Abyss:2)
  2 ettins
  Josephine (D:14)
  2 boulder beetles
  An ice dragon (IceCv)
  2 hydras
  4 catoblepae
  7 centaur warriors
  2 death knights
  3 two-headed ogres
  3 demonspawn (Orc:2)
  4 tengu warriors
  A thrashing horror (Abyss:2)
  A hell knight (Abyss:2)
  4 orc high priests
  2 soul eaters
  A shadow wraith (Abyss:2)
  2 wretched stars
  A sixfirhy (Abyss:1)
  Sonja (Lair:5)
  A spatial maelstrom (Abyss:2)
  2 skeletal warriors
  A flayed ghost (Abyss:2)
  A wizard (D:15)
  2 phantasmal warriors
  7 orc knights
  2 necromancers (D:15)
  11 ugly things
  4 cyclopes
  9 orc sorcerers
  4 large abominations (Abyss:2)
  2 manticores (D:13)
  2 merfolk sirens (Lair:4)
  A black mamba (shapeshifter) (D:13)
  3 smoke demons
  3 black mambas
  2 ice statues (IceCv)
  8 cane toads
  3 kobold demonologists (D:13)
  3 unseen horrors
  6 rime drakes
  A komodo dragon (Lair:1)
  2 efreet
  A tengu conjurer (D:15)
  3 freezing wraiths
  A burning bush (Lair:1)
  An ancient zyme (Abyss:2)
  A polar bear (Lair:4)
  2 merfolk (Lair:4)
  2 meliai (D:15)
  13 trolls
  Grinder (D:4)
  13 slime creatures
  Prince Ribbit (Lair:3)
  2 hornets
  A dream sheep (Lair:6)
  14 blink frogs
  9 raiju
  6 starcursed masses (Abyss:1)
  2 ynoxinuls
  Sigmund (D:3)
  A shadow (D:12)
  An air elemental (Abyss:1)
  A wyvern (D:9)
  Eustachio (D:5)
  9 wraiths
  36 yaks
  16 humans (D:14)
  A basilisk (D:12)
  3 neqoxecs
  A steam dragon (D:7)
  2 chaos spawn
  4 nagas (Lair:3)
  10 vampire mosquitoes
  A warg (Orc:2)
  An acid dragon (D:11)
  13 water moccasins
  An ice beast (Abyss:1)
  A sky beast (D:6)
  3 small abominations
  2 black bears
  37 orc warriors
  4 ogres
  7 wolves
  9 centaurs
  4 boggarts
  3 kobold brigands
  12 bullfrogs
  2 necrophages (D:5)
  A gnoll sergeant (D:11)
  2 scorpions
  4 wights (D:10)
  6 killer bees (D:15)
  7 electric eels
  3 howler monkeys
  8 komodo dragon simulacra (IceCv)
  3 quasits (Abyss:2)
  4 hounds (D:8)
  26 orc priests
  Crazy Yiuf (D:2)
  2 gnoll shamans
  Terence (D:2)
  12 orc wizards
  Robin (D:2)
  8 acid dragon simulacra (IceCv)
  22 gnolls
  14 adders
  2 shadow imps
  A white imp (Abyss:2)
  5 steam dragon simulacra (IceCv)
  4 ufetubi
  6 worms
  A dart slug (D:3)
  54 orcs
  6 ball pythons
  3 endoplasms
  7 giant cockroaches
  14 goblins
  14 hobgoblins
  2 jackals (D:2)
  2 quokkas
  5 bats
  3 frilled lizards
  11 kobolds
  7 rats
659 creatures vanquished.

Vanquished Creatures (collateral kills)
  A spatial maelstrom (Abyss:1)
  4 starcursed masses (Abyss:1)
5 creatures vanquished.

Vanquished Creatures (others)
  An orc (D:9)
  A kobold (D:8)
  14 fungi
  35 plants
  2 starspawn tentacles (Abyss:1)
53 creatures vanquished.

Grand Total: 717 creatures vanquished

Notes
Turn   | Place    | Note
-------+----------+-------------------------------------------
     0 | D:1      | Morbidden the Troll Monk began the quest for the Orb.
     0 | D:1      | Reached XP level 1. HP: 22/22 MP: 0/0
   215 | D:1      | Found a faded altar of an unknown god.
   258 | D:1      | Reached XP level 2. HP: 27/29 MP: 1/1
  1020 | D:2      | Noticed Terence
  1027 | D:2      | Killed Terence
  1028 | D:2      | Reached XP level 3. HP: 30/36 MP: 2/2
  1089 | D:2      | Reached skill level 4 in Unarmed Combat
  1089 | D:2      | Reached XP level 4. HP: 26/44 MP: 3/3
  1296 | D:2      | Noticed Robin
  1307 | D:2      | Killed Robin
  1379 | D:2      | Identified the +5 kite shield of Impatience {Int+2}
  1449 | D:2      | Reached XP level 5. HP: 52/52 MP: 3/5
  1582 | D:2      | Found a hazy altar of Hepliaklqana.
  1752 | D:2      | Found a runed translucent door.
  1753 | D:2      | Noticed Crazy Yiuf
  1968 | D:2      | Killed Crazy Yiuf
  2061 | D:3      | Reached skill level 5 in Unarmed Combat
  2272 | D:3      | Reached skill level 1 in Spellcasting
  2425 | D:3      | Found a snail-covered altar of Cheibriados.
  2435 | D:3      | Became a worshipper of Cheibriados the Contemplative
  2435 | D:3      | Reached * piety under Cheibriados
  2435 | D:3      | Reached ** piety under Cheibriados
  2611 | D:3      | Reached XP level 6. HP: 59/61 MP: 6/6
  2717 | D:3      | Noticed Sigmund
  2730 | D:3      | Killed Sigmund
  2879 | D:4      | Found a staircase to the Ecumenical Temple.
  2892 | Temple   | Entered the Ecumenical Temple
  3017 | D:4      | Found a blossoming altar of Fedhas.
  3017 | D:4      | Found an ancient bone altar of Kikubaaqudgha.
  3035 | D:4      | Reached skill level 1 in Shields
  3050 | D:4      | Reached skill level 6 in Unarmed Combat
  3050 | D:4      | Reached XP level 7. HP: 67/67 MP: 7/7
  3326 | D:4      | Noticed Grinder
  3334 | D:4      | Paralysed by Grinder for 5 turns
  3344 | D:4      | Paralysed by Grinder for 4 turns
  3348 | D:4      | Killed Grinder
  3349 | D:4      | Reached skill level 1 in Invocations
  3479 | D:4      | Found a shimmering altar of Xom.
  3631 | D:5      | Entered Level 5 of the Dungeon
  3669 | D:5      | Reached *** piety under Cheibriados
  3748 | D:5      | Reached XP level 8. HP: 75/75 MP: 9/9
  3773 | D:5      | Noticed Eustachio
  3775 | D:5      | Reached skill level 7 in Unarmed Combat
  3813 | D:5      | Killed Eustachio
  3887 | D:5      | You fall into a shaft and drop 2 floors!
  4265 | D:5      | Found a hide-covered altar of Uskayaw.
  4457 | D:5      | Found Essoluw's Armour Emporium.
  4461 | D:5      | Bought a +2 robe of willpower for 230 gold pieces
  4963 | D:6      | Reached skill level 8 in Unarmed Combat
  5517 | D:7      | Reached XP level 9. HP: 76/83 MP: 11/11
  5530 | D:7      | Learned a level 1 spell: Necrotize
  5555 | D:7      | Reached **** piety under Cheibriados
  5725 | D:7      | Got the Guide on Enthralling Weightlessness
  6090 | D:8      | Found a staircase to the Lair.
  6092 | D:8      | Noticed a troll
  6105 | D:8      | Reached skill level 1 in Necromancy
  6139 | D:8      | Killed a troll
  6142 | D:8      | Reached skill level 9 in Unarmed Combat
  6876 | Lair:1   | Entered Level 1 of the Lair of Beasts
  6877 | Lair:1   | Noticed a cane toad
  6887 | Lair:1   | Killed a cane toad
  6888 | Lair:1   | Reached skill level 5 in Dodging
  6948 | Lair:1   | Noticed a cane toad
  6970 | Lair:1   | Killed a cane toad
  6971 | Lair:1   | Reached XP level 10. HP: 92/94 MP: 13/13
  6974 | Lair:1   | Reached ***** piety under Cheibriados
  7026 | Lair:1   | Learned a level 7 spell: Dragon Form
  7089 | Lair:1   | Noticed a cane toad
  7094 | Lair:1   | Killed a cane toad
  7176 | Lair:1   | Noticed a black mamba
  7182 | Lair:1   | Killed a black mamba
  7183 | Lair:1   | Reached skill level 1 in Throwing
  7199 | Lair:1   | Noticed a cane toad
  7204 | Lair:1   | Killed a cane toad
  7205 | Lair:1   | Reached skill level 10 in Unarmed Combat
  7620 | D:9      | Found a sparkling altar of Nemelex Xobeh.
  7783 | D:9      | Noticed a two-headed ogre
  7790 | D:9      | Killed a two-headed ogre
  7791 | D:9      | Reached skill level 1 in Transmutations
  7892 | D:9      | Found a broken altar of Ashenzari.
  7946 | D:9      | Reached skill level 5 in Fighting
  8264 | D:9      | Found a runed translucent door.
  8267 | D:9      | Noticed 101zpm's ghost (novice DjFE)
  8282 | D:9      | Reached XP level 11. HP: 102/102 MP: 15/15
  8324 | D:9      | Found a basalt altar of Yredelemnul.
  8333 | D:9      | Found a shadowy altar of Dithmenos.
  8612 | D:10     | Entered Level 10 of the Dungeon
  8915 | D:10     | Reached skill level 11 in Unarmed Combat
  9031 | D:10     | Noticed a two-headed ogre
  9040 | D:10     | Killed a two-headed ogre
  9152 | D:10     | Cast into level 1 of the Abyss (wight)
  9194 | Abyss:1  | Noticed a soul eater
  9199 | Abyss:1  | Killed a soul eater
  9207 | Abyss:1  | Noticed a wretched star
  9217 | Abyss:1  | Killed a wretched star
  9250 | Abyss:1  | Noticed a sixfirhy
  9251 | Abyss:1  | Noticed a spatial maelstrom
  9260 | Abyss:1  | Killed a sixfirhy
  9289 | Abyss:1  | Paralysed by an air elemental for 1 turns
  9291 | Abyss:1  | Paralysed by an air elemental for 1 turns
  9294 | Abyss:1  | Noticed a starcursed mass
  9304 | Abyss:1  | Killed a spatial maelstrom
  9306 | Abyss:1  | Killed a starcursed mass
  9308 | Abyss:1  | Killed a starcursed mass
  9312 | Abyss:1  | Noticed a starcursed mass
  9315 | Abyss:1  | Paralysed by accursed screaming for 1 turns
  9333 | D:10     | Escaped the Abyss
 10014 | D:11     | Noticed a brown ugly thing
 10020 | D:11     | Killed a brown ugly thing
 10021 | D:11     | Reached skill level 5 in Invocations
 10218 | D:11     | Paralysed by a hornet for 3 turns
 10544 | D:11     | Learned a level 4 spell: Airstrike
 10634 | D:11     | Found Lalaatet's Distillery.
 10645 | D:11     | Bought a potion of heal wounds for 85 gold pieces
 10645 | D:11     | Bought a potion of curing for 51 gold pieces
 10645 | D:11     | Bought a potion of heal wounds for 85 gold pieces
 11259 | Lair:2   | Found an ancient bone altar of Kikubaaqudgha.
 11289 | Lair:2   | Identified the +1 robe of the Ancient Shrikes {Str+6}
 11395 | Lair:2   | Noticed an oklob plant
 11534 | Lair:2   | Noticed a four-headed hydra
 11551 | Lair:2   | Killed a four-headed hydra
 12088 | Lair:3   | Noticed Prince Ribbit
 12098 | Lair:3   | Killed Prince Ribbit
 12158 | Lair:3   | Reached XP level 12. HP: 109/111 MP: 16/16
 12163 | Lair:3   | Reached skill level 1 in Air Magic
 12182 | Lair:3   | Found a staircase to the Snake Pit.
 12240 | Lair:3   | Reached skill level 5 in Shields
 12259 | Lair:3   | Noticed a seven-headed hydra
 12366 | Lair:4   | Found a staircase to the Shoals.
 12368 | Lair:4   | Reached ****** piety under Cheibriados
 12369 | Lair:4   | Reached skill level 12 in Unarmed Combat
 12499 | Lair:4   | Noticed a catoblepas
 12502 | Lair:4   | Noticed Snorg
 12511 | Lair:4   | Killed a catoblepas
 12512 | Lair:4   | Reached skill level 1 in Evocations
 12519 | Lair:4   | Killed Snorg
 12670 | Lair:4   | Noticed Rupert
 12738 | Lair:4   | Noticed a catoblepas
 12746 | Lair:4   | Killed a catoblepas
 13630 | Lair:5   | Noticed Sonja
 13645 | Lair:5   | Killed Sonja
 13950 | Lair:6   | Entered Level 6 of the Lair of Beasts
 14102 | Lair:6   | Noticed an eight-headed hydra
 14519 | D:12     | Reached XP level 13. HP: 120/120 MP: 18/18
 14697 | D:12     | Found a staircase to the Orcish Mines.
 15229 | D:13     | Reached skill level 13 in Unarmed Combat
 16801 | D:14     | Found a gate to the Vaults.
 17242 | D:14     | Noticed Josephine
 17252 | D:14     | Killed Josephine
 17253 | D:14     | Reached XP level 14. HP: 98/127 MP: 20/20
 18339 | D:15     | Entered Level 15 of the Dungeon
 18467 | D:15     | Reached skill level 1 in Armour
 18655 | D:15     | Found a staircase to the Depths.
 18843 | D:15     | Paralysed by an orc sorcerer for 3 turns
 19056 | D:15     | Noticed Kixze Teama's ghost (adept DjCj)
 19057 | D:15     | Found the necklace of Bloodlust {*Rage Will++ Int-3 Slay+6}
 19180 | D:15     | Found a transporter.
 19184 | D:15     | Found a transporter.
 19349 | D:15     | Reached skill level 14 in Unarmed Combat
 19358 | D:15     | Reached skill level 5 in Transmutations
 19358 | D:15     | Cast into level 2 of the Abyss (a wizard)
 19885 | Abyss:2  | Noticed a Hell Sentinel
 19903 | Abyss:2  | Found a corrupted altar of Lugonu.
 19967 | D:15     | Escaped the Abyss
 20443 | Orc:1    | Entered Level 1 of the Orcish Mines
 20656 | Orc:2    | Entered Level 2 of the Orcish Mines
 20668 | Orc:2    | Reached skill level 5 in Spellcasting
 20679 | Orc:2    | Found a frozen archway.
 20769 | Orc:2    | Reached skill level 5 in Necromancy
 20784 | IceCv    | Entered an ice cave
 21222 | IceCv    | Identified the +7 great sword of the Hills {venom, +Blink
                  | Will+ Str+5 Stlth+}
 21903 | Orc:2    | Found a staircase to the Elven Halls.
 22054 | Orc:2    | Noticed Nessos
 22080 | Orc:2    | Killed Nessos
 22184 | Orc:2    | Found Ficzuoq's General Store.
 22262 | Orc:2    | Found Suomempiq's Magic Scroll Shop.
 22277 | Orc:2    | Gained mutation: You tend to lose your temper in combat. [a
                  | neqoxec]
 22298 | Orc:2    | Bought a scroll of teleportation for 51 gold pieces
 22301 | Orc:2    | Bought a potion of heal wounds for 65 gold pieces
 22542 | Orc:2    | Paralysed by an orc sorcerer for 2 turns
 22549 | Orc:2    | Reached XP level 15. HP: 119/132 MP: 18/21
 22554 | Orc:2    | Paralysed by an orc sorcerer for 4 turns
 22557 | Orc:2    | HP: 2/132 [orc warrior/+0 battleaxe (25)]
 22785 | Orc:2    | Found Fej Otoa's Jewellery Emporium.
 22785 | Orc:2    | Found Min Pyfe's Antique Armour Shoppe.
 22786 | Orc:2    | Found a one-way gate leading to the halls of Pandemonium.
 23262 | Orc:1    | Reached skill level 5 in Throwing
 23307 | Orc:1    | HP: 5/140 [orc knight/+1 dire flail (18)]
 23307 | Orc:1    | Slain by an orc warrior

Illustrated notes

Levels and vault maps discovered:
D:1:      dpeg_arrival_castle, layout_basic,
          shapermc_ecumenical_altar_mp_ritualfount,
          chequers_serial_rivers_room_a, minmay_tetromino_i2
D:2:      layout_loops_ring, basic_altar, dreamdust_wishing_well, uniq_robin,
          uniq_terence, uniq_crazy_yiuf_cottage
D:3:      layout_loops_ring, slow_altar_2, minmay_puff, uniq_sigmund
D:4:      layout_cave_pods, grunt_temple_overflow_growth_and_decay,
          kennysheep_little_box, minmay_temple_entry_overgrown, uniq_grinder
D:5:      layout_gridville, nicolae_uskayaw_suspiria, serial_shops, shop,
          hangedman_decor_opposing, uniq_eustachio
D:6:      layout_loops_cross
D:7:      layout_cave_pools, nicolae_water_bricks
D:8:      layout_basic, erik_lair_island
D:9:      layout_long_grid, nicolae_ashenzari_panopticon,
          mainiacjoe_overflow_surrounded_room, minitemple, serial_bayou,
          serial_bayou_ford_a, serial_bayou_lagoon_b, serial_bayou_crossing,
          serial_bayou_shore_b, ebering_ghost_inner_flame,
          chequers_serial_rivers_small_3
D:10:     layout_loops_corners
D:11:     layout_rooms, serial_shops, shop
D:12:     layout_gridville, david_orc_2
D:13:     layout_grid_maze
D:14:     layout_gridville, david_vaults_3, chequers_arboretum, uniq_josephine
D:15:     hangedman_depths_entry_civil_slaughter, layout_loops_ring,
          hangedman_decor_riveting, gammafunk_ghost_hive
Temple:   cyrus_circular_temple
Lair:1:   layout_chaotic_city, evilmike_ambush [evilmike_ambush_outer_basic,
          evilmike_ambush_inner_cross]
Lair:2:   layout_hall_layers, basic_altar
Lair:3:   layout_roguey, minmay_snake_entry_guardpost_medium,
          uniq_prince_ribbit2
Lair:4:   layout_long_grid, elwin_shoals_entry_stream, gammafunk_lair_bear_cave,
          lemuel_fruit_tree, serial_bayou_shore_b, uniq_snorg, uniq_rupert
Lair:5:   layout_cave_pods, uniq_sonja
Lair:6:   minmay_lair_end_frog_pond, layout_misc_corridors,
          minmay_slime_entry_oklob_enclosed, serial_bayou_shore_a
Orc:1:    layout_caves, special_room [special_room_orc]
Orc:2:    pf_orc_diabolical, layout_caves, portal_ice_cave_rime, uniq_nessos

Skill      XL: |  1  2  3  4  5  6  7  8  9 10 11 12 13 14 15 |
---------------+----------------------------------------------+-----
Unarmed Combat | 4 5 6 8 9 10 11 12 13 14 | 14.5
Dodging        | 3 4 5 6 7 8 |  8.9
Fighting       | 3 4 5 6 7 |  7.4
Spellcasting   | 1 2 3 4 5 |  5.2
Shields        | 1 2 3 4 5 6 7 |  7.3
Invocations    | 1 2 3 4 5 6 7 |  7.7
Necromancy     | 2 3 4 5 |  5.3
Stealth        | 2 3 |  3.2
Throwing       | 1 3 4 5 |  5.1
Transmutations | 1 3 4 5 |  5.3
Air Magic      | 2 3 |  3.9
Evocations     | 1 2 3 |  3.2
Armour         | 1 2 |  2.0

Action                   |  1- 3 |  4- 6 |  7- 9 | 10-12 | 13-15 || total
-------------------------+-------+-------+-------+-------+-------++-------
Melee: Unarmed           |    67 |   174 |   193 |   554 |   782 ||  1770
       Punch             |       |     2 |       |       |       ||     2
Throw: Boomerang         |       |     3 |     6 |    19 |   234 ||   262
       Dart              |       |       |       |     2 |    17 ||    19
       Large rock        |       |       |       |       |    21 ||    21
 Cast: Necrotize         |       |       |    14 |    48 |    29 ||    91
Invok: Slouch            |       |       |       |     1 |    16 ||    17
       Step From Time    |       |       |       |       |     1 ||     1
Evoke: Wand              |       |       |       |     9 |     6 ||    15
  Use: Scroll            |       |       |    12 |     6 |    24 ||    42
       Potion            |       |       |       |       |     5 ||     5
 Stab: Sleeping          |     1 |       |     3 |    10 |     3 ||    17
       Petrified         |       |       |       |     7 |       ||     7
       Distracted        |       |       |       |       |     1 ||     1
Armor: Robe              |    15 |    43 |    47 |   121 |    73 ||   299
       Troll leather arm |       |       |       |       |   170 ||   170
Dodge: Dodged            |    25 |    48 |    75 |   259 |   390 ||   797
Block: Kite shield       |       |    68 |   165 |   442 |   865 ||  1540

Table legend: (Time is in decaauts)
 A = Elapsed time spent in this place.
 B = Non-inter-level travel time spent in this place.
 C = Inter-level travel time spent in this place.
 D = Time resting spent in this place.
 E = Time spent auto-exploring this place.
 F = Levels seen in this place.
 G = Mean time per level.
                   A        B        C        D        E       F      G
               +--------+--------+--------+--------+--------+-----+--------+
         Total |  35181 |  32929 |   2252 |   3523 |  23091 |  28 | 1256.5 |
       Dungeon |  23407 |  21717 |   1690 |   2526 |  15653 |  15 | 1560.5 |
        Temple |      4 |      4 |      0 |      0 |      0 |   1 |    4.0 |
          Lair |   6548 |   6164 |    384 |    176 |   5007 |   6 | 1091.3 |
  Orcish Mines |   2854 |   2678 |    176 |    109 |   1676 |   2 | 1427.0 |
         Abyss |   1061 |   1061 |      0 |    183 |    369 |   3 |  353.7 |
      Ice Cave |   1305 |   1305 |      0 |    528 |    384 |   1 | 1305.0 |
               +--------+--------+--------+--------+--------+-----+--------+

Top non-repeatable levels by time:
    D:14: 2384 daAuts
    D:13: 2383 daAuts
   Orc:2: 2322 daAuts
    D:15: 2079 daAuts
     D:9: 2023 daAuts
    D:10: 2014 daAuts
    D:12: 1709 daAuts
  Lair:5: 1636 daAuts
  Lair:2: 1625 daAuts
     D:8: 1605 daAuts
  Lair:4: 1523 daAuts
  Lair:1: 1434 daAuts
     D:5: 1359 daAuts
     D:7: 1316 daAuts
   IceCv: 1305 daAuts
